 Dungeon Crawl Stone Soup version 0.30-a0-34-gbe8da3892a (webtiles) character file.

Game seed: 5653726314343568586

11 hazeyboi the Chopper (level 2, -10/24 HPs)
             Began as a Human Berserker on Aug 27, 2022.
             Was a Follower of Trog.
             Mangled by a troll (13 damage)
             ... on level 1 of the Dungeon.
             The game lasted 00:02:50 (91 turns).

hazeyboi the Chopper (Human Berserker)                Turns: 91, Time: 00:02:50

Health: -10/24     AC:  2    Str: 17    XL:     2   Next: 35%
Magic:  2/2        EV: 12    Int:  7    God:    Trog [*.....]
Gold:   27         SH:  0    Dex: 12    Spells: 1/1 levels left

rFire   . . .      SeeInvis .    a - +0 hand axe
rCold   . . .      Faith    .    (no shield)
rNeg    . . .      Spirit   .    b - +0 animal skin
rPois   .          Reflect  .    (no helmet)
rElec   .          Harm     .    (no cloak)
rCorr   .          Rampage  .    (no gloves)
Will    .....                    (no boots)
Stlth   +.........               (no amulet)
HPRegen 0.08/turn                (no ring)
MPRegen 0.08/turn                (no ring)

@: no status effects
A: no striking features
a: Renounce Religion, Berserk


You were on level 1 of the Dungeon.
You worshipped Trog.
Trog was aware of your devotion.
You visited 1 branch of the dungeon, and saw 1 of its levels.

You collected 27 gold pieces.

Inventory:

Hand Weapons
 a - a +0 hand axe (weapon)
Armour
 b - a +0 animal skin (worn)
Scrolls
 c - a scroll of enchant armour {unknown}
Potions
 d - a potion of flight {unknown}


   Skills:
 + Level 3.2 Fighting
 + Level 3.2 Axes
 + Level 2.0 Armour
 + Level 2.1 Dodging


You had one spell level left.
You didn't know any spells.
Your spell library was empty.

Dungeon Overview and Level Annotations

Branches:
Dungeon (1/15)

Altars:


Message History

You are already wielding that!
A hobgoblin and a quokka come into view.
Found 12 gold pieces.
You completely miss the quokka. The quokka closely misses you.
The quokka bites you.
* * * LOW HITPOINT WARNING * * *
You barely miss the quokka. The quokka barely misses you.
You hit the quokka but do no damage. The quokka bites you.
* * * LOW HITPOINT WARNING * * *
The quokka closely misses you.
You slash the quokka!
You kill the quokka!
Trog accepts your kill.
Found a large runed translucent door.
The hobgoblin barely misses you.
You see here a quokka corpse.
You closely miss the hobgoblin. The hobgoblin hits you.
* * * LOW HITPOINT WARNING * * *
You hit the hobgoblin but do no damage. The hobgoblin barely misses you.
You barely miss the hobgoblin. The hobgoblin barely misses you.
You slash the hobgoblin!
You kill the hobgoblin!
Trog accepts your kill.
You see here a hobgoblin corpse.
Found 15 gold pieces.
The kobold shouts!
The troll shouts!
The hobgoblin shouts!
The kobold shouts! x2; The goblin shouts!
The endoplasm quivers.
The ball python hisses angrily.
The endoplasm quivers.
The rat twitches its whiskers.
You now have 15 gold pieces.
You now have 27 gold pieces (gained 12).
You open the large door. The bat barely misses you. x2
You miss the bat. You hit the bat.
You kill the bat!
Trog accepts your kill. The bat hits you but does no damage.
The troll closely misses you. The troll completely misses you.
The troll claws you!
Ouch! That really hurt!
You die...

♣♣♣♣♣♣♣♣♣♣♣♣#####
♣♣......♣.........
...♣....♣...♣..# ####
♣...♣♣....♣♣..# ....#
...♣.♣...♣†..#####K...#
...♣.......†.8.#.#gK..#
.♣..♣..♣♣........TJrS.#
..♣.............@JrJK.#
.....♣♣......8.#b#.b..#
♣......♣.....#####rB..#
.♣..♣♣...♣.... ....# .
....♣...♣.... ####
..♣♣.......♣... ♣.
..♣♣...♣... .. .. ...


You could see a troll, 3 endoplasms, a giant cockroach, a hobgoblin, 2 bats, a
ball python, 3 kobolds and 2 rats.

Vanquished Creatures
  2 endoplasms (D:1)
  A hobgoblin (D:1)
  4 jackals (D:1)
  A quokka (D:1)
  A bat (D:1)
9 creatures vanquished.

Notes
Turn   | Place    | Note
-------+----------+-------------------------------------------
     0 | D:1      | hazeyboi the Human Berserker began the quest for the Orb.
     0 | D:1      | Reached XP level 1. HP: 18/18 MP: 1/1
    31 | D:1      | Reached XP level 2. HP: 3/24 MP: 2/2
    73 | D:1      | Found a large runed translucent door.
    73 | D:1      | Found a large runed translucent door.
    80 | D:1      | Noticed a troll
    91 | D:1      | Mangled by a troll

Illustrated notes

Levels and vault maps discovered:
D:1:      erik_arrival_cave_to_civilisation [erik_arrival_cave_to_temple],
          layout_basic, basic_ecumenical_altar

Action                   || total
-------------------------++-------
Melee: Hand axe          ||    20
Armor: Animal skin       ||     4
Dodge: Dodged            ||    25

Table legend: (Time is in decaauts)
 A = Elapsed time spent in this place.
 B = Non-inter-level travel time spent in this place.
 C = Inter-level travel time spent in this place.
 D = Time resting spent in this place.
 E = Time spent auto-exploring this place.
 F = Levels seen in this place.
 G = Mean time per level.
                   A        B        C        D        E       F      G
               +--------+--------+--------+--------+--------+-----+--------+
         Total |     93 |     77 |     16 |      0 |      0 |   1 |   93.0 |
       Dungeon |     93 |     77 |     16 |      0 |      0 |   1 |   93.0 |
               +--------+--------+--------+--------+--------+-----+--------+

Top non-repeatable levels by time:
     D:1: 93 daAuts
